 Dungeon Crawl Stone Soup version 0.27-a0-279-gdfb9265905 (webtiles) character file.

Game seed: 11697732285845780878

128324 hatsuma the Thaumaturge (level 17, -3/133 HPs)
             Began as a Gnoll Wanderer on Feb 6, 2021.
             Was the Champion of Ru.
             Slain by a spriggan rider
             ... wielding a +0 spear of venom
              (23 damage)
             ... on level 1 of the Swamp on Feb 8, 2021.
             The game lasted 06:43:51 (50711 turns).

hatsuma the Thaumaturge (Gnoll Wanderer)           Turns: 50711, Time: 06:43:52

Health: -3/133     AC: 25    Str: 18    XL:     17   Next: 3%
Magic:  34/34      EV: 13    Int: 16    God:    Ru [******]
Gold:   1402       SH: 15    Dex: 17    Spells: 36/42 levels left

rFire    . . .     SeeInvis +   o - +4 broad axe (venom)
rCold    x . .     Faith    .   E - +3 kite shield {AC+3}
rNeg     + . .     Spirit   .   X - +3 ring mail of Makhleb's Benevolence {rPois rF+ Int+4 Slay+3}
rPois    +         Reflect  .   y - +2 helmet
rElec    +         Harm     .   I - +2 ratskin cloak {*Rats rPois rN+ Str-1 Int-1 Dex+1}
rCorr    .         Rampage  .   v - +0 pair of gloves
Will     ++...                  n - +2 pair of boots
Stlth    +++++.....             k - amulet of the acrobat
HPRegen  0.32/turn              S - ring "Reulepn" {rElec Str+6 Slay+6 SInv Stlth+}
MPRegen  0.24/turn              z - ring of willpower

@: lethally poisoned (-3 -> -31), no potions, horrified
A: distributed training, fangs 1, inability to drink while threatened, cowardly,
reduced EV 1, missing an eye, temperature sensitive, strong nose
a: Renounce Religion, Draw Out Power, Power Leap, Apocalypse


You were on level 1 of the Swamp.
You worshipped Ru.
Ru was exalted by your worship.
You visited 6 branches of the dungeon, and saw 29 of its levels.
You also visited: Ice Cave.

You collected 3196 gold pieces.
You spent 1794 gold pieces at shops.

Inventory:

Hand Weapons
 l - a +0 battleaxe of flaming
 o - a +4 broad axe of venom (weapon)
Missiles
 g - 3 throwing nets
 p - 6 javelins
 r - 29 boomerangs (quivered)
 H - 80 poisoned darts
Armour
 n - a +2 pair of boots (worn)
 v - a +0 pair of gloves (worn)
 y - a +2 helmet (worn)
 E - a +3 kite shield of protection (worn)
 I - the +2 ratskin cloak (worn) {*Rats rPois rN+ Str-1 Int-1 Dex+1}
   (You found it on level 5 of the Dungeon)

   It affects your strength (-1).
   It affects your intelligence (-1).
   It affects your dexterity (+1).
   It protects you from poison.
   It protects you from negative energy.
 X - the +3 ring mail of Makhleb's Benevolence (worn) {rPois rF+ Int+4 Slay+3}
   (You bought it in a shop on level 2 of the Orcish Mines)

   It affects your intelligence (+4).
   It affects your accuracy and damage with ranged weapons and melee attacks
   (+3).
   It protects you from fire.
   It protects you from poison.
Jewellery
 b - an uncursed ring of protection from cold
 k - an amulet of the acrobat (around neck)
 t - a +4 ring of evasion
 z - a ring of willpower (right hand)
 G - an uncursed ring of positive energy
 S - the ring "Reulepn" (left hand) {rElec Str+6 Slay+6 SInv Stlth+}
   (You found it on level 15 of the Dungeon)

   [ring of strength]

   It affects your strength (+6).
   It affects your accuracy and damage with ranged weapons and melee attacks
   (+6).
   It insulates you from electricity.
   It lets you see invisible.
   It makes you more stealthy.
 W - an uncursed ring of fire
Wands
 c - a wand of paralysis (8)
 d - a wand of random effects (92)
 i - a wand of iceblast (4)
 P - a wand of polymorph (11)
 U - a wand of charming (20)
 Z - a wand of acid (19)
Scrolls
 e - 4 scrolls of immolation
 f - 9 scrolls of magic mapping
 h - 12 scrolls of remove curse
 j - a scroll of holy word {unknown}
 m - 4 scrolls of amnesia
 s - a scroll of silence
 w - 3 scrolls of fog
 x - 4 scrolls of fear
 D - a scroll of blinking
 F - 3 scrolls of summoning
 M - 3 scrolls of vulnerability
 T - 7 scrolls of teleportation
Potions
 a - 2 potions of might
 q - 2 potions of cancellation
 u - 16 potions of curing
 A - 2 potions of resistance
 B - 6 potions of flight
 C - 5 potions of attraction
 J - 3 potions of berserk rage
 K - 3 potions of lignification
 N - 7 potions of heal wounds
 O - a potion of ambrosia
 Q - 4 potions of invisibility
 R - 3 potions of haste
 Y - 2 potions of magic
Miscellaneous
 L - a condenser vane
 V - a tin of tremorstones (2/2)


   Skills:
 + Level 12.0 Fighting
 + Level 11.5 Short Blades
 + Level 11.2 Long Blades
 + Level 11.2 Axes
 + Level 11.2 Maces & Flails
 + Level 11.2 Polearms
 + Level 11.2 Staves
 + Level 11.2 Slings
 + Level 11.2 Bows
 + Level 11.2 Crossbows
 + Level 11.2 Throwing
 + Level 11.2 Armour
 + Level 11.2 Dodging
 + Level 11.2 Stealth
 + Level 11.2 Shields
 + Level 11.2 Unarmed Combat
 + Level 13.0 Spellcasting
 + Level 9.5 Conjurations
 + Level 9.5 Hexes
 + Level 9.5 Summonings
 + Level 9.5 Necromancy
 + Level 9.5 Translocations
 + Level 9.5 Transmutations
 + Level 10.3 Fire Magic
 + Level 9.5 Ice Magic
 + Level 9.5 Air Magic
 + Level 9.5 Earth Magic
 + Level 9.5 Poison Magic
 + Level 12.1 Invocations
 + Level 12.0 Evocations


You had 36 spell levels left.
You knew the following spells:

 Your Spells              Type           Power        Failure   Level
a - Sting                 Tmut/Pois      100%         1%          1
b - Irradiate             Conj/Tmut      18%          10%         5

Your spell library contained the following spells:

 Spells                   Type           Power        Failure   Level
 Magic Dart               Conj           100%         1%          1
 Blink                    Tloc           N/A          1%          2
 Call Imp                 Summ           37%          1%          2
 Corpse Rot               Necr/Air       N/A          1%          2
 Slow                     Hex            37%          1%          2
 Sublimation of Blood     Necr           18%          1%          2
 Conjure Flame            Conj/Fire      38%          1%          3
 Ignite Poison            Fire/Tmut/Pois 38%          1%          3
 Mephitic Cloud           Conj/Pois/Air  37%          1%          3
 Animate Dead             Necr           18%          3%          4
 Dispel Undead            Necr           37%          3%          4
 Fireball                 Conj/Fire      19%          8%          5
 Agony                    Necr           37%          10%         5
 Borgnjor's Vile Clutch   Necr/Erth      18%          10%         5
 Excruciating Wounds      Necr           18%          10%         5
 Silence                  Hex/Air        18%          10%         5
 Starburst                Conj/Fire      19%          41%         6
 Death Channel            Necr           18%          45%         6
 Hydra Form               Tmut           18%          45%         6
 Simulacrum               Ice/Necr       18%          45%         6
 Statue Form              Tmut/Erth      24%          45%         6
 Dragon Form              Tmut           18%          96%         7
 Ignition                 Fire           19%          100%        8
 Tornado                  Air            18%          100%        9


Dungeon Overview and Level Annotations

Branches:
Dungeon (15/15)            Temple (1/1) D:5            Lair (6/6) D:9
  Swamp (1/4) Lair:2        Snake (4/4) Lair:2        Slime (0/5) Lair:6
    Orc (2/2) D:11            Elf (0/3) Orc:2        Vaults (0/5) D:14
  IceCv (visited)
 Depths: D:15

Altars:
Ashenzari
Cheibriados
Dithmenos
Elyvilon
Fedhas
Gozag
Hepliaklqana
Kikubaaqudgha
Makhleb
Nemelex Xobeh
Okawaru
Qazlal
Ru
Sif Muna
Trog
Uskayaw
Vehumet
Wu Jian
Xom
Yredelemnul
Zin
The Shining One
Beogh

Shops:
Orc:2 ?=*[(   Snake:1 *(*?

Annotations:
D:4 1 transporter
D:5 Dowan, Duvessa, Sigmund
D:10 1 runed translucent door, Misha's ghost, journeyman MfGl
D:15 Agnes; Rupert
Lair:2 3 runed translucent doors, jermanator181's ghost, journeyman TeCj
Snake:2 Vashnia


Innate Abilities, Weirdness & Mutations

Your experience applies equally to all skills.
You have very sharp teeth.
You cannot drink potions while threatened.
Your cowardice makes you less effective in combat with threatening monsters.
You have somewhat slow reflexes. (EV -5)
You are missing an eye, making it more difficult to aim.
You are sensitive to extremes of temperature. (rF-, rC-)
Your uncanny sense of smell can sniff out nearby items.


Message History

The tyrant leech looks as sick as possible!
You hit the bunyip.
The bunyip is poisoned.
The bunyip is stunned by your conviction and fails to attack.
You block the tyrant leech's attack.
The spriggan rider hits you from afar with a +0 spear of venom!!
You are poisoned.
The bunyip claws you! You block the bunyip's attack. The bunyip claws you!!
You feel threatened and lose the ability to drink potions!
You completely miss the tyrant leech.
The tyrant leech is moderately wounded.
You slash the tyrant leech!
The tyrant leech looks as sick as possible!
You slash the bunyip!
You feel very sick. You block the spriggan rider's attack.
The tyrant leech bites you!!
* * * LOW HITPOINT WARNING * * *
The tyrant leech draws strength from your injuries!
You block the tyrant leech's attack.
The spriggan rider hits you from afar with a +0 spear of venom!!
You die...

≈.♣≈ .≈≈≈...♣
.≈≈...♣ ♣.≈≈..♣♣
.♣♣♣♣≈.≈≈..♣♣♣♣
....:♣.≈≈≈..≈≈♣
≈≈≈≈....≈≈≈≈..♣♣♣
≈≈≈≈....≈≈w≈<..≈♣♣
≈≈≈≈≈≈.≈.@w.≈....♣♣
≈≈≈≈...i..x.......♣
...≈≈.♣♣≈≈....≈♣♣.♣
≈♣♣♣♣♣
♣♣♣♣≈.≈♣♣♣♣♣♣
♣.≈≈.≈≈≈≈♣
♣♣≈..≈≈.§♣
♣♣♣≈....♣ .
♣♣..≈♣..♣♣ §≈≈
♣♣≈≈≈§≈...♣


You could see a bunyip (very poisoned, catching breath), 2 tyrant leeches and a
spriggan rider (strong).

Vanquished Creatures
  2 orc warlords (Orc:2)
  Nessos (Lair:4)
  Snorg (Lair:4)
  A fire dragon (D:13)
  2 vault guards (D:15)
  Erolcha (D:12)
  3 boulder beetles
  7 naga warriors
  2 ogre magi
  3 hydras
  2 catoblepae
  2 centaur warriors
  4 two-headed ogres
  11 anacondas
  2 tengu warriors
  A deep troll shaman (D:15)
  4 shock serpents
  4 orc high priests
  5 naga sharpshooters
  A goliath frog (Lair:2)
  3 salamander mystics
  An unseen horror (D:13)
  3 sea snakes
  5 naga ritualists
  Pikel (D:6)
  2 ugly things (D:11)
  A necromancer (D:14)
  4 mana vipers
  4 orc knights
  3 deep elf pyromancers
  4 orc sorcerers
  4 cyclopes
  3 manticores
  7 salamanders
  Maurice (D:8)
  2 centaur zombies
  30 black mambas
  3 guardian serpents
  Psyche (D:11)
  13 naga magi
  31 cane toads
  3 gargoyles
  3 torpor snails
  Maggie (D:8)
  A centaur skeleton (D:13)
  2 kobold demonologists
  A tengu conjurer (D:15)
  A freezing wraith (D:15)
  5 rime drakes
  11 komodo dragons
  5 trolls
  3 tyrant leeches (Lair:6)
  2 hornets
  A polar bear (Lair:6)
  11 slime creatures
  23 blink frogs
  A redback (D:11)
  3 shadows
  A wraith (D:14)
  A vampire (D:14)
  32 yaks
  6 wyverns
  Grum (D:8)
  Eustachio (D:5)
  10 vampire mosquitoes
  3 basilisks
  34 nagas
  9 wargs
  4 swamp worms
  3 acid dragons
  9 water moccasins
  Edmund (D:6)
  31 orc warriors
  4 ice beasts
  A sky beast (D:11)
  2 black bears
  A hornet zombie (D:13)
  17 ogres
  12 centaurs
  14 wolves
  3 phantoms
  3 lemures
  5 big kobolds
  21 bullfrogs
  A wyvern zombie (D:14)
  2 scorpions
  16 killer bees
  An electric eel (Lair:5)
  5 wights
  A quasit (D:12)
  7 jellies
  28 orc priests
  3 bullfrog skeletons
  8 hounds
  15 worker ants
  6 iguanas
  40 orc wizards
  8 hell rats
  A killer bee zombie (D:6)
  2 hound skeletons
  4 gnolls (Orc:2)
  15 adders
  4 river rats (D:5)
  A shadow imp (D:5)
  10 white imps
  9 ufetubi
  5 oozes (Lair:6)
  A dart slug (D:4)
  6 leopard geckos
  87 orcs
  9 giant cockroaches
  5 goblins
  12 hobgoblins
  9 jackals
  19 kobolds
  4 quokkas
  2 ball pythons
  5 bats
  3 frilled lizards
  A jackal zombie (D:5)
  18 rats
864 creatures vanquished.

Vanquished Creatures (collateral kills)
  A hydra (Lair:2)
  A naga warrior (Snake:1)
  A salamander (Snake:2)
  A cyclops (D:15)
  Joseph (D:8)
  A cane toad (Lair:5)
  2 komodo dragons
  A blink frog (Lair:6)
  2 tyrant leeches (Lair:6)
  2 nagas
  A wolf (Lair:1)
  A phantom (D:7)
  A bullfrog (Lair:5)
  An orc priest (Orc:2)
17 creatures vanquished.

Vanquished Creatures (others)
  A reaper (IceCv)
  An anaconda (Snake:3)
  A naga sharpshooter (Snake:2)
  A black mamba (Snake:2)
  A naga mage (Snake:3)
  3 cane toads
  2 trolls
  2 yaks
  3 wyverns
  A basilisk (Lair:2)
  A warg (Orc:1)
  2 orc warriors (Orc:2)
  A wolf (Lair:5)
  2 bullfrogs
  A killer bee (D:11)
  An orc wizard (Orc:2)
  An ufetubus (IceCv)
  A jackal (D:8)
  57 fungi
  142 plants
225 creatures vanquished.

Grand Total: 1106 creatures vanquished

Notes
Turn   | Place    | Note
-------+----------+-------------------------------------------
     0 | D:1      | hatsuma the Gnoll Wanderer began the quest for the Orb.
     0 | D:1      | hatsuma set off with the following items: a +2 short sword,
                  | a scroll of teleportation, a +0 robe; and the following
                  | spell memorised: Sting; and the following spells available
                  | to memorise: Ignite Poison
     0 | D:1      | Reached XP level 1. HP: 20/20 MP: 8/8
   269 | D:1      | Reached XP level 2. HP: 26/26 MP: 10/10
   788 | D:2      | Reached XP level 3. HP: 31/31 MP: 8/11
   905 | D:2      | Reached skill level 1 in Invocations
  1010 | D:2      | Reached skill level 1 in Long Blades
  1010 | D:2      | Reached skill level 1 in Axes
  1010 | D:2      | Reached skill level 1 in Maces & Flails
  1010 | D:2      | Reached skill level 1 in Polearms
  1010 | D:2      | Reached skill level 1 in Staves
  1010 | D:2      | Reached skill level 1 in Slings
  1010 | D:2      | Reached skill level 1 in Bows
  1010 | D:2      | Reached skill level 1 in Crossbows
  1010 | D:2      | Reached skill level 1 in Throwing
  1010 | D:2      | Reached skill level 1 in Armour
  1010 | D:2      | Reached skill level 1 in Dodging
  1010 | D:2      | Reached skill level 1 in Stealth
  1010 | D:2      | Reached skill level 1 in Shields
  1010 | D:2      | Reached skill level 1 in Unarmed Combat
  1146 | D:2      | Reached XP level 4. HP: 22/38 MP: 13/13
  1337 | D:2      | You fall into a shaft and drop 1 floor!
  1357 | D:3      | Found a bloodstained altar of Trog.
  1361 | D:3      | Found a hazy altar of Hepliaklqana.
  1364 | D:3      | Found a radiant altar of Vehumet.
  1364 | D:3      | Found a shimmering altar of Xom.
  1364 | D:3      | Found a glowing silver altar of Zin.
  1365 | D:3      | Found a hide-covered altar of Uskayaw.
  1369 | D:3      | Found a broken altar of Ashenzari.
  1782 | D:3      | Reached skill level 1 in Conjurations
  1782 | D:3      | Reached skill level 1 in Hexes
  1782 | D:3      | Reached skill level 1 in Summonings
  1782 | D:3      | Reached skill level 1 in Necromancy
  1782 | D:3      | Reached skill level 1 in Translocations
  1782 | D:3      | Reached skill level 1 in Transmutations
  1782 | D:3      | Reached skill level 1 in Ice Magic
  1782 | D:3      | Reached skill level 1 in Air Magic
  1782 | D:3      | Reached skill level 1 in Earth Magic
  1782 | D:3      | Reached skill level 1 in Poison Magic
  1784 | D:3      | Reached XP level 5. HP: 24/43 MP: 14/14
  2917 | D:4      | Reached XP level 6. HP: 39/50 MP: 16/16
  3196 | D:3      | Reached skill level 5 in Fighting
  3196 | D:3      | Reached skill level 5 in Evocations
  4134 | D:4      | Found a sparkling altar of Nemelex Xobeh.
  4134 | D:4      | Found a transporter.
  4134 | D:4      | Noticed a white ugly thing
  4401 | D:5      | Entered Level 5 of the Dungeon
  4401 | D:5      | Found a staircase to the Ecumenical Temple.
  4408 | D:5      | Reached XP level 7. HP: 55/56 MP: 18/18
  4429 | Temple   | Entered the Ecumenical Temple
  4525 | Temple   | Became a worshipper of Ru the Awakened
  4605 | D:5      | Noticed Eustachio
  4715 | D:5      | Noticed Sigmund
  5063 | D:5      | Found a sparkling altar of Nemelex Xobeh.
  5529 | D:5      | Got a twisted spear
  5530 | D:5      | Identified the +7 spear of the Snake Pit {vorpal, Int+7}
                  | (You found it on level 5 of the Dungeon)
  5669 | D:5      | Noticed Duvessa
  5669 | D:5      | Noticed Dowan
  5764 | D:6      | Noticed Pikel
  6334 | D:6      | Noticed Edmund
  6342 | D:6      | Killed Edmund
  6786 | D:6      | Reached XP level 8. HP: 52/63 MP: 19/19
  7252 | D:5      | Found an iron altar of Okawaru.
  7778 | D:5      | Gained mutation: Your cowardice makes you less effective in
                  | combat with threatening monsters. [Ru sacrifice]
  7778 | D:5      | Reached * piety under Ru
  7789 | D:5      | Reached skill level 8 in Spellcasting
  7968 | D:5      | Found the +2 ratskin cloak {*Rats rPois rN+ Str-1 Int-1
                  | Dex+1}
  8132 | D:5      | Killed Eustachio
  8361 | D:6      | HP: 2/64 [acid (15)]
  9005 | D:7      | Reached XP level 9. HP: 66/69 MP: 19/21
  9008 | D:7      | Reached skill level 5 in Fire Magic
  9023 | D:7      | Noticed a gargoyle
  9039 | D:8      | Noticed Grum
  9069 | D:8      | Killed Grum
  9421 | D:8      | Reached skill level 5 in Short Blades
  9692 | D:8      | Identified the +7 mace "Fakehoa" {freeze, *Contam rElec
                  | rN++ Int+4}
  9692 | D:8      | Noticed Maggie
  9751 | D:8      | Killed Maggie
  9752 | D:8      | Reached skill level 5 in Invocations
  9904 | D:8      | Noticed Maurice
  9922 | D:8      | Killed Maurice
 10102 | D:8      | Noticed Joseph
 10121 | D:8      | Killed Joseph
 10122 | D:8      | Reached XP level 10. HP: 39/77 MP: 13/22
 10451 | D:8      | Reached skill level 5 in Long Blades
 10451 | D:8      | Reached skill level 5 in Axes
 10451 | D:8      | Reached skill level 5 in Maces & Flails
 10451 | D:8      | Reached skill level 5 in Polearms
 10451 | D:8      | Reached skill level 5 in Staves
 10451 | D:8      | Reached skill level 5 in Slings
 10451 | D:8      | Reached skill level 5 in Bows
 10451 | D:8      | Reached skill level 5 in Crossbows
 10451 | D:8      | Reached skill level 5 in Throwing
 10451 | D:8      | Reached skill level 5 in Armour
 10451 | D:8      | Reached skill level 5 in Dodging
 10451 | D:8      | Reached skill level 5 in Stealth
 10451 | D:8      | Reached skill level 5 in Shields
 10451 | D:8      | Reached skill level 5 in Unarmed Combat
 10894 | D:7      | Found an iron altar of Okawaru.
 10948 | D:7      | Reached skill level 9 in Spellcasting
 11172 | D:6      | Killed Pikel
 11620 | D:9      | Gained mutation: You are missing an eye, making it more
                  | difficult to aim. [Ru sacrifice]
 11620 | D:9      | Reached ** piety under Ru
 11647 | D:9      | Noticed a manticore
 11684 | D:9      | Killed a manticore
 11837 | D:9      | Found an ornate altar of the Wu Jian Council.
 12134 | D:9      | Found a blossoming altar of Fedhas.
 12161 | D:9      | Found a shimmering blue altar of Sif Muna.
 12166 | D:9      | Found a stormy altar of Qazlal.
 12653 | D:9      | Found a staircase to the Lair.
 13345 | D:8      | Reached XP level 11. HP: 84/84 MP: 24/24
 13480 | D:10     | Entered Level 10 of the Dungeon
 13689 | D:10     | Found a runed translucent door.
 13691 | D:10     | Noticed Misha's ghost (journeyman MfGl)
 13691 | D:10     | Identified the +8 trident "Paonis" {flame, Will+ Str+5
                  | Int+3 Dex+2}
 13692 | D:10     | Noticed a spriggan rider
 14097 | D:10     | Reached skill level 5 in Conjurations
 14097 | D:10     | Reached skill level 5 in Hexes
 14097 | D:10     | Reached skill level 5 in Summonings
 14097 | D:10     | Reached skill level 5 in Necromancy
 14097 | D:10     | Reached skill level 5 in Translocations
 14097 | D:10     | Reached skill level 5 in Transmutations
 14097 | D:10     | Reached skill level 5 in Ice Magic
 14097 | D:10     | Reached skill level 5 in Air Magic
 14097 | D:10     | Reached skill level 5 in Earth Magic
 14097 | D:10     | Reached skill level 5 in Poison Magic
 14103 | D:10     | Gained mutation: You have somewhat slow reflexes. (EV -5)
                  | [Ru sacrifice]
 14103 | D:10     | Reached *** piety under Ru
 14194 | D:11     | Found a frozen archway.
 14224 | IceCv    | Entered an ice cave
 14346 | IceCv    | Killed a reaper
 14901 | D:11     | Noticed a manticore
 14974 | D:11     | Noticed a white ugly thing
 15211 | D:11     | Noticed a five-headed hydra
 15398 | D:11     | Got a polished plate armour
 15435 | D:10     | Identified the cursed +1 plate armour of Restlessness {rF++
                  | rC-} (You found it on level 11 of the Dungeon)
 15553 | D:11     | Killed a manticore
 15856 | D:11     | Noticed Psyche
 15866 | D:11     | Killed Psyche
 16189 | Lair:1   | Entered Level 1 of the Lair of Beasts
 18019 | D:9      | Reached XP level 12. HP: 57/94 MP: 16/25
 18441 | Lair:1   | Reached skill level 10 in Spellcasting
 18946 | Lair:2   | Noticed a catoblepas
 19011 | Lair:2   | Found a staircase to the Snake Pit.
 19044 | Lair:2   | Gained mutation: You cannot drink potions while threatened.
                  | [Ru sacrifice]
 19044 | Lair:2   | Reached **** piety under Ru
 19248 | Lair:2   | Found a runed translucent gate.
 19249 | Lair:2   | Found a runed translucent gate.
 19249 | Lair:2   | Noticed jermanator181's ghost (journeyman TeCj)
 19249 | Lair:2   | Noticed an 11-headed hydra
 19250 | Lair:2   | Found a runed translucent gate.
 19722 | Lair:2   | Killed a catoblepas
 20448 | Lair:2   | Noticed a seven-headed hydra
 20764 | Lair:2   | Found a staircase to the Swamp.
 23375 | Lair:4   | Noticed Snorg
 23712 | Lair:4   | Noticed Nessos
 23739 | Lair:4   | Killed Nessos
 23758 | Lair:4   | Gained mutation: You are sensitive to extremes of
                  | temperature. (rF-, rC-) [Ru sacrifice]
 23758 | Lair:4   | Reached ***** piety under Ru
 23758 | Lair:4   | Reached ****** piety under Ru
 23972 | Lair:4   | Reached XP level 13. HP: 101/101 MP: 27/27
 24314 | Lair:4   | Found a glowing golden altar of the Shining One.
 24342 | Lair:4   | Killed Snorg
 25030 | Lair:4   | Learned a level 5 spell: Irradiate
 26791 | Lair:5   | Identified the Compendium of Gliding Transmigration
 26822 | Lair:6   | Entered Level 6 of the Lair of Beasts
 27584 | Lair:6   | Reached skill level 11 in Spellcasting
 29150 | Lair:6   | Reached XP level 14. HP: 107/109 MP: 27/29
 29284 | Lair:6   | Reached skill level 10 in Fighting
 29284 | Lair:6   | Reached skill level 10 in Evocations
 29298 | Lair:6   | Found a staircase to the Slime Pits.
 30204 | Lair:6   | Got a crystal hand axe
 30206 | Lair:6   | Identified the +5 hand axe "Dagedosch" {freeze, rC+ Will+
                  | Dex-3} (You found it on level 6 of the Lair of Beasts)
 30276 | Lair:6   | Upgraded the game from 0.27-a0-277-g024f7ef292 to
                  | 0.27-a0-279-gdfb9265905
 30737 | D:11     | Found a staircase to the Orcish Mines.
 32084 | D:12     | Noticed Erolcha
 32109 | D:12     | Killed Erolcha
 32110 | D:12     | Reached skill level 10 in Invocations
 32376 | Orc:1    | Entered Level 1 of the Orcish Mines
 32376 | Orc:1    | Noticed Urug
 32543 | D:11     | Noticed Urug
 32543 | D:11     | Urug changed into Urug the redback
 32552 | D:11     | Killed Urug the redback
 32971 | Orc:2    | Entered Level 2 of the Orcish Mines
 32971 | Orc:2    | Found a staircase to the Elven Halls.
 33187 | Orc:2    | Found a roughly hewn altar of Beogh.
 33253 | Orc:2    | Found Jaahy's Antique Weapon Emporium.
 34521 | Orc:2    | Found Meariur's Jewellery Boutique.
 34521 | Orc:2    | Found Xoboudgh's Armour Shop.
 34521 | Orc:2    | Found Buram's General Store.
 34629 | Orc:2    | Found Suucud's Magic Scroll Boutique.
 35249 | Orc:2    | Bought a +2 kite shield of protection for 236 gold pieces
 35490 | Orc:2    | Noticed an orc warlord
 36372 | Orc:2    | Noticed an orc warlord
 36420 | Orc:2    | Reached skill level 10 in Short Blades
 36424 | Orc:2    | Killed an orc warlord
 36756 | Orc:2    | Bought the +3 ring mail of Makhleb's Benevolence {rPois rF+
                  | Int+4 Slay+3} for 640 gold pieces
 36782 | Orc:2    | Bought the +3 robe of Folly {Archmagi, Will-- Int+5} for
                  | 594 gold pieces
 36782 | Orc:2    | Found the +3 robe of Folly {Archmagi, Will-- Int+5}
 37042 | D:13     | Reached XP level 15. HP: 103/116 MP: 30/30
 38238 | D:13     | Reached skill level 12 in Spellcasting
 38874 | D:13     | HP: 1/117 [fire dragon/blast of flame (27)]
 39299 | D:14     | Found a gate to the Vaults.
 39312 | D:14     | Reached skill level 10 in Long Blades
 39312 | D:14     | Reached skill level 10 in Axes
 39312 | D:14     | Reached skill level 10 in Maces & Flails
 39312 | D:14     | Reached skill level 10 in Polearms
 39312 | D:14     | Reached skill level 10 in Staves
 39312 | D:14     | Reached skill level 10 in Slings
 39312 | D:14     | Reached skill level 10 in Bows
 39312 | D:14     | Reached skill level 10 in Crossbows
 39312 | D:14     | Reached skill level 10 in Throwing
 39312 | D:14     | Reached skill level 10 in Armour
 39312 | D:14     | Reached skill level 10 in Dodging
 39312 | D:14     | Reached skill level 10 in Stealth
 39312 | D:14     | Reached skill level 10 in Shields
 39312 | D:14     | Reached skill level 10 in Unarmed Combat
 40316 | D:15     | Entered Level 15 of the Dungeon
 40645 | D:15     | Noticed Rupert
 40892 | D:15     | Paralysed by an ogre mage for 7 turns
 41370 | D:15     | Got a sparkling lapis lazuli ring
 41373 | D:15     | Identified the ring "Reulepn" {rElec Str+6 Slay+6 SInv
                  | Stlth+} (You found it on level 15 of the Dungeon)
 41565 | D:15     | Noticed Agnes
 41796 | Snake:1  | Entered Level 1 of the Snake Pit
 42822 | Snake:1  | Found Inear's Assorted Antiques.
 42826 | Snake:1  | Found Ocumiaw's Antique Weapon Boutique.
 42827 | Snake:1  | Found Hemal Iju's Assorted Antiques.
 42921 | Snake:1  | Found Pajeuxzo's Magic Scroll Emporium.
 43101 | Snake:1  | Bought a brightly glowing rapier for 324 gold pieces
 43101 | Snake:1  | Identified the +3 rapier of Blood {vorpal, rElec} (You
                  | bought it in a shop on level 1 of the Snake Pit)
 43562 | Snake:1  | Reached XP level 16. HP: 85/125 MP: 32/32
 44279 | Snake:2  | Noticed Vashnia
 45408 | Snake:2  | Noticed a nagaraja
 46590 | Snake:3  | Reached skill level 10 in Fire Magic
 49079 | Snake:4  | Entered Level 4 of the Snake Pit
 49115 | Snake:4  | Noticed a nagaraja
 49294 | Swamp:1  | Entered Level 1 of the Swamp
 49349 | Lair:2   | HP: 6/127 [16-headed hydra (5)]
 49944 | Orc:2    | Reached XP level 17. HP: 62/133 MP: 33/33
 50457 | Lair:2   | Reached skill level 13 in Spellcasting
 50711 | Swamp:1  | Slain by a spriggan rider

Illustrated notes

Levels and vault maps discovered:
D:1:      dpeg_arrival_concentric_ovals, layout_rooms, minmay_split_cup_small
D:2:      layout_rooms
D:3:      layout_loops_cross, minitemple
D:4:      layout_rooms, grunt_nemelex_the_gamble
D:5:      wander_guarded_unrand_ratskin, layout_basic, old_standard_altar,
          minmay_temple_entry_butterflies, okawaru_metal_pillars_1_2,
          uniq_sigmund, uniq_eustachio, uniq_duvessa, uniq_crazy_yiuf_cottage
D:6:      layout_layer_cave, kennysheep_generic_room_11, uniq_edmund, uniq_pikel
D:7:      layout_cave_pools, kennysheep_little_box
D:8:      layout_basic, uniq_joseph, uniq_maurice, uniq_grum, uniq_maggie
D:9:      layout_stronghold, pdpol_wu_jian_five_deadly_venoms,
          nicolae_overflow_crystal_walls, amethyst_overflow_temple_binary,
          erik_lair_orcish_takeover
D:10:     layout_roguey, ebering_ghost_funeral_grove
D:11:     layout_rooms, orc_0_dummy, portal_ice_cave_rime, uniq_psyche
D:12:     layout_gridville, uniq_erolcha
D:13:     layout_irregular_city, minmay_misc_feat_doors
D:14:     layout_long_grid, david_vaults_1, amcnicky_mini_pool_small,
          minmay_diced_spiral
D:15:     hangedman_spin_cycle, serial_shops, uniq_rupert, uniq_agnes
Temple:   kb_temple_of_zot
Lair:1:   layout_regular_city, hangedman_lair_generics_rect
Lair:2:   layout_long_grid, palyth_hydra_swamp_entry, dummy_snake_entry,
          gammafunk_ghost_hydra_chop
Lair:3:   layout_hall_layers
Lair:4:   layout_cave_pods, basic_altar, uniq_nessos, uniq_snorg
Lair:5:   nzn_winding_woodlands_cross [nzn_winding_woodlands_5x15_cabin,
          nzn_winding_woodlands_5x15_longhouse,
          nzn_winding_woodlands_5x15_river_crossing,
          nzn_winding_woodlands_5x15_pockets,
          nzn_winding_woodlands_15x15_eel_pit], layout_regular_city
Lair:6:   minmay_lair_end_frog_pond, layout_regular_city,
          nicolae_slime_entry_slimehenge
Swamp:1:  layout_basic_swamp, nicolae_swamp_orc_logging_accident, swamp_pool2,
          infiniplex_staircase_pool
Snake:1:  layout_chambers, serial_shops, nicolae_shop_statue_plus,
          minmay_shop_star
Snake:2:  layout_onion, serial_bayou_shore_b, serial_bayou_shore_b,
          grunt_megastairs_3, serial_bayou_shore_a, lemuel_fruit_tree,
          uniq_vashnia
Snake:3:  layout_grid_maze, grunt_megastairs_5
Snake:4:  snake_pit, layout_onion_interference, basic_altar
Orc:1:    layout_diamond_mine, uniq_urug
Orc:2:    st_orc_mages, layout_caves, basic_altar, serial_shops, shop,
          minmay_orc_treasury

Skill      XL: |  1  2  3  4  5  6  7  8  9 10 11 12 13 14 15 16 17 |
---------------+----------------------------------------------------+-----
Invocations    | 1 2 3 4 5 6 7 8 9 10 11 12 | 12.1
Long Blades    | 1 2 3 4 5 6 7 8 9 10 11 | 11.2
Axes           | 1 2 3 4 5 6 7 8 9 10 11 | 11.2
Maces & Flails | 1 2 3 4 5 6 7 8 9 10 11 | 11.2
Polearms       | 1 2 3 4 5 6 7 8 9 10 11 | 11.2
Staves         | 1 2 3 4 5 6 7 8 9 10 11 | 11.2
Slings         | 1 2 3 4 5 6 7 8 9 10 11 | 11.2
Bows           | 1 2 3 4 5 6 7 8 9 10 11 | 11.2
Crossbows      | 1 2 3 4 5 6 7 8 9 10 11 | 11.2
Throwing       | 1 2 3 4 5 6 7 8 9 10 11 | 11.2
Armour         | 1 2 3 4 5 6 7 8 9 10 11 | 11.2
Dodging        | 1 2 3 4 5 6 7 8 9 10 11 | 11.2
Stealth        | 1 2 3 4 5 6 7 8 9 10 11 | 11.2
Shields        | 1 2 3 4 5 6 7 8 9 10 11 | 11.2
Unarmed Combat | 1 2 3 4 5 6 7 8 9 10 11 | 11.2
Conjurations   | 1 2 3 4 5 6 7 8 9 |  9.5
Hexes          | 1 2 3 4 5 6 7 8 9 |  9.5
Summonings     | 1 2 3 4 5 6 7 8 9 |  9.5
Necromancy     | 1 2 3 4 5 6 7 8 9 |  9.5
Translocations | 1 2 3 4 5 6 7 8 9 |  9.5
Transmutations | 1 2 3 4 5 6 7 8 9 |  9.5
Ice Magic      | 1 2 3 4 5 6 7 8 9 |  9.5
Air Magic      | 1 2 3 4 5 6 7 8 9 |  9.5
Earth Magic    | 1 2 3 4 5 6 7 8 9 |  9.5
Poison Magic   | 1 2 3 4 5 6 7 8 9 |  9.5
Short Blades   | 3 4 5 6 7 8 9 10 11 | 11.5
Fire Magic     | 4 5 6 7 8 9 10 | 10.3
Fighting       | 5 6 7 8 9 10 11 12 | 12.0
Evocations     | 5 6 7 8 9 10 11 12 | 12.0
Spellcasting   | 8 9 10 11 12 13 | 13.0

Action                   |  1- 3 |  4- 6 |  7- 9 | 10-12 | 13-15 | 16-18 || total
-------------------------+-------+-------+-------+-------+-------+-------++-------
Melee: Short sword       |   110 |    59 |       |       |       |       ||   169
       Bite              |     5 |    25 |    38 |   130 |   247 |    58 ||   503
       Punch             |       |     1 |     4 |    30 |    56 |       ||    91
       Flail             |       |   184 |       |       |       |       ||   184
       Trident           |       |    23 |    63 |       |       |       ||    86
       Spear             |       |       |   374 |  1214 |  1210 |       ||  2798
       Broad axe         |       |       |       |       |   905 |   410 ||  1315
Throw: Boomerang         |     2 |    11 |    10 |   137 |   440 |   157 ||   757
       Dart              |       |       |       |       |     2 |       ||     2
       Javelin           |       |       |       |       |     1 |       ||     1
       Throwing net      |       |       |       |       |       |     1 ||     1
 Cast: Sting             |     2 |       |       |       |       |       ||     2
       Irradiate         |       |       |       |       |     1 |       ||     1
Invok: Sacrifice Courage |       |       |     1 |       |       |       ||     1
       Sacrifice an Eye  |       |       |       |     1 |       |       ||     1
       Sacrifice Health  |       |       |       |     1 |       |       ||     1
       Sacrifice Drink   |       |       |       |     1 |       |       ||     1
       Sacrifice Resista |       |       |       |     1 |       |       ||     1
       Apocalypse        |       |       |       |       |     2 |       ||     2
Evoke: Wand              |       |       |     2 |     6 |     3 |     1 ||    12
       Condenser vane    |       |       |       |       |     1 |       ||     1
  Use: Scroll            |       |     5 |     9 |    17 |    10 |     2 ||    43
       Potion            |       |       |     8 |     2 |       |       ||    10
 Stab: Sleeping          |     1 |       |     2 |     8 |    21 |     9 ||    41
       Paralysed         |       |       |    11 |    14 |    44 |       ||    69
       Distracted        |       |       |       |     4 |    29 |     2 ||    35
       Invisible         |       |       |       |    17 |    22 |     6 ||    45
       Held in net/web   |       |       |       |       |       |     3 ||     3
Armor: Ring mail         |    11 |       |       |       |   149 |   209 ||   369
       Robe              |     2 |       |       |       |       |       ||     2
       Scale mail        |    40 |    19 |       |       |       |       ||    59
       Chain mail        |       |   173 |   211 |       |       |       ||   384
       Acid dragon scale |       |       |     9 |   146 |       |       ||   155
       Plate armour      |       |       |       |   406 |    37 |       ||   443
       Troll leather arm |       |       |       |       |   311 |       ||   311
Dodge: Dodged            |    53 |   155 |   213 |   431 |   969 |   261 ||  2082
Block: Kite shield       |       |       |       |       |   357 |   358 ||   715
       Tower shield      |       |       |       |       |    54 |       ||    54

Table legend: (Time is in decaauts)
 A = Elapsed time spent in this place.
 B = Non-inter-level travel time spent in this place.
 C = Inter-level travel time spent in this place.
 D = Time resting spent in this place.
 E = Time spent auto-exploring this place.
 F = Levels seen in this place.
 G = Mean time per level.
                   A        B        C        D        E       F      G
               +--------+--------+--------+--------+--------+-----+--------+
         Total |  50481 |  46656 |   3825 |  19881 |   3986 |  30 | 1682.7 |
       Dungeon |  23453 |  21808 |   1645 |   8939 |   3003 |  15 | 1563.5 |
        Temple |    169 |    153 |     16 |      0 |    137 |   1 |  169.0 |
          Lair |  14332 |  12850 |   1482 |   5757 |    443 |   6 | 2388.7 |
         Swamp |     47 |     47 |      0 |      0 |      0 |   1 |   47.0 |
     Snake Pit |   7461 |   7122 |    339 |   3010 |    403 |   4 | 1865.2 |
  Orcish Mines |   4621 |   4280 |    341 |   1876 |      0 |   2 | 2310.5 |
      Ice Cave |    395 |    395 |      0 |    297 |      0 |   1 |  395.0 |
               +--------+--------+--------+--------+--------+-----+--------+

Top non-repeatable levels by time:
   Orc:2: 3444 daAuts
  Lair:2: 3093 daAuts
  Lair:1: 2901 daAuts
 Snake:3: 2873 daAuts
 Snake:1: 2841 daAuts
  Lair:5: 2754 daAuts
     D:9: 2465 daAuts
     D:6: 2358 daAuts
  Lair:6: 2251 daAuts
    D:11: 2177 daAuts
    D:13: 2137 daAuts
     D:8: 2022 daAuts
  Lair:4: 1828 daAuts
     D:5: 1703 daAuts
 Snake:2: 1697 daAuts
